 Dungeon Crawl Stone Soup version 0.24.0-13-gcf9b319 (webtiles) character file.

Game seed: 2484717348575953633, levelgen mode: deterministic

179 operationiv the Chopper (level 5, -1/47 HPs)
             Began as a Minotaur Berserker on Feb 11, 2020.
             Was a Believer of Trog.
             Killed by divine providence
             ... invoked by an orc priest
              (11 damage)
             ... on level 3 of the Dungeon.
             The game lasted 00:03:52 (1963 turns).

operationiv the Chopper (Minotaur Berserker)        Turns: 1963, Time: 00:03:52

Health: -1/47      AC:  2    Str: 23    XL:     5   Next: 32%
Magic:  4/4        EV: 13    Int:  4    God:    Trog [**....]
Gold:   61         SH:  0    Dex:  9    Spells: 4/4 levels left

rFire    . . .     SeeInvis .   a - +0 hand axe
rCold    . . .     Gourm    .   (no shield)
rNeg     . . .     Faith    .   b - +0 animal skin
rPois    .         Spirit   .   (helmet restricted)
rElec    .         Reflect  .   (no cloak)
rCorr    .         Harm     .   (no gloves)
MR       .....                  (no boots)
Stlth    +.........             (no amulet)
HPRegen  0.15/turn              (no ring)
MPRegen  0.09/turn              (no ring)

@: berserk cooldown
A: retaliatory headbutt, horns 2
a: Berserk, Trog's Hand, Renounce Religion


You were on level 3 of the Dungeon.
You worshipped Trog.
Trog was pleased with you.
You were not hungry.

You visited 1 branch of the dungeon, and saw 3 of its levels.

You collected 61 gold pieces.

Inventory:

Hand Weapons
 a - a +0 hand axe (weapon)
Armour
 b - a +0 animal skin (worn)
 h - a +0 pair of boots
   (You found it on level 1 of the Dungeon)
Scrolls
 d - a scroll of noise {unknown}
 f - a scroll of magic mapping {unknown}
 g - 2 scrolls of teleportation {unknown}
 j - a scroll of identify {unknown}
 k - a scroll of remove curse {unknown}
 l - a scroll of enchant armour {unknown}
Potions
 e - a potion of haste {unknown}
Comestibles
 c - 3 rations


   Skills:
 + Level 4.5 Fighting
 * Level 5.4 Axes
 + Level 3.6 Armour
 + Level 3.3 Dodging


You had 4 spell levels left.
You didn't know any spells.
Your spell library was empty.

Dungeon Overview and Level Annotations

Branches:
Dungeon (3/15)

Altars:
Ashenzari


Innate Abilities, Weirdness & Mutations

You reflexively headbutt those who attack you in melee.
You have a pair of horns on your head.


Message History

You eat one of the 2 chunks of flesh {@w0}.
You are feeling very hungry.
Eating a chunk of flesh {@w0}.
You eat the chunk of flesh {@w0}.
(D) Dungeon
Where to? (Enter - D:3, ? - help)
You climb downwards.
There is a stone staircase leading up here.
You see here a short sword.
An orc comes into view. It is wielding a +0 club.
An orc is nearby!
The orc shouts!
The orc wizard shouts!
An orc comes into view.
It is wielding a +2 vampiric short sword.
There are monsters nearby!
There are monsters nearby!
The orc shouts!
You hear a shout!
An orc comes into view. It is wielding a +0 club.
An orc priest comes into view. It is wielding a +0 flail.
An orc comes into view. It is wielding a +0 falchion.
Found a stone staircase leading up.
The orc shouts!
The orc priest shouts!
An orc priest comes into view. It is wielding a +0 short sword.
You're still recovering from your berserk rage.
You slash the orc wizard! You headbutt the orc wizard.
The orc wizard casts a spell.
The orc wizard flickers and vanishes!
Deactivating autopickup; reactivate with Ctrl-A.
The orc throws a stone.
The stone misses you. The orc completely misses you.
An orc comes into view. It is wielding a -1 morningstar.
You hit the orc. You miss something.
The orc throws a stone.
You hear some strange, mumbled words.
A puff of frost appears from out of thin air!
The puff of frost hits you.
An orc comes into view. It is wielding a +0 trident.
You take 6 damage, and have 38/47 hp.
The orc shouts!
You slash the orc!
You kill the orc!
Trog accepts your kill.
You hit the orc. You closely miss something. You hit the orc priest.
The orc throws a stone.
The stone hits you.
You hear some strange, mumbled words.
The orc priest barely misses you.
The orc throws a stone.
The stone barely misses you. Something hits you.
You closely miss the orc. You closely miss the orc priest. You hit something.
Trog accepts your kill.
Trog appreciates your killing of a magic user.
Reactivating autopickup.
You feel a bit more experienced. The orc barely misses you.
The orc priest misses you. The orc hits you with a +0 club. The orc misses you.
You take 10 damage, and have 28/47 hp.
MASSIVE DAMAGE!!
Unknown command.
You completely miss the orc priest.
The orc shouts!
You headbutt the orc priest! You hit the orc. You closely miss the orc.
You hit the orc.
The orc priest calls upon Beogh to heal the orc.
The orc's wounds heal themselves!
The orc completely misses you. You furiously retaliate!
You headbutt the orc.
The orc hits you with a +2 vampiric short sword.
The orc draws strength from your wounds!
The orc closely misses you. You furiously retaliate!
You headbutt the orc, but do no damage. The orc priest closely misses you.
You furiously retaliate!
You headbutt the orc priest, but do no damage.
The orc priest barely misses you.
You take 5 damage, and have 23/47 hp.
Unknown command.
You hit the orc priest but do no damage.
You closely miss the orc. You barely miss the orc. You closely miss the orc.
You hit the orc priest.
You feel yourself speed up. The orc misses you.
A goblin comes into view. It is wielding a +0 dagger.
The orc closely misses you. You furiously retaliate!
You headbutt the orc.
You kill the orc!
Trog accepts your kill. The orc misses you. You furiously retaliate!
You headbutt the orc. The orc priest barely misses you.
The orc priest hits you but does no damage.
The orc closely misses you. The orc barely misses you.
Unknown command.
Unknown command.
The orc hits you with a +0 club.
You take 4 damage, and have 19/47 hp.
The orc closely misses you.
Unknown command.
The orc priest invokes the aid of Beogh against you.
Beogh smites you!
* * * LOW HITPOINT WARNING * * *
You take 15 damage, and have 4/47 hp.
MASSIVE DAMAGE!!
It was a potion of curing.
You feel better. The orc misses you. You furiously retaliate!
You headbutt the orc.
The orc priest begins to cast a cantrip, but forgets the words!
You regained 6 hp, and now have 10/47 hp.
Unknown command.
The orc priest invokes the aid of Beogh against you.
Beogh smites you!
You die...

##. #.#.......#.# ....
..........#.####
....###.#.....)g.$....
#.......#....).o#o#
#.............oo..#
#.#.....###.###o#######
.........[.....oo.(....
#.#.###.###)###.#######
#.###.###@#
#.....<##....#
#####.###..#.# ...#
#... .# #..#.. ..#.. #
#.###. .###..
#..#..#..#...#
#............# #. ....


You could see 2 orc priests, 4 orcs and a goblin.

Vanquished Creatures
  An orc wizard (D:3)
  Terence (D:2)
  5 adders (D:2)
  An ooze (D:1)
  3 worms
  A dart slug (D:1)
  5 leopard geckos
  4 orcs
  A giant cockroach (D:3)
  10 goblins
  3 hobgoblins
  4 jackals (D:2)
  5 kobolds
  A quokka (D:2)
  3 bats
  5 frilled lizards
  4 rats
57 creatures vanquished.

Notes
Turn   | Place    | Note
-------+----------+-------------------------------------------
     0 | D:1      | operationiv the Minotaur Berserker began the quest for the
                  | Orb.
     0 | D:1      | Reached XP level 1. HP: 19/19 MP: 0/0
   171 | D:1      | Reached XP level 2. HP: 19/27 MP: 1/1
   183 | D:1      | Reached skill level 4 in Axes
   610 | D:1      | Reached XP level 3. HP: 33/33 MP: 2/2
   630 | D:1      | You fall into a shaft and drop 1 floor!
   632 | D:2      | Noticed Terence
   639 | D:2      | Killed Terence
   639 | D:2      | Reached skill level 4 in Fighting
   639 | D:2      | Reached skill level 3 in Armour
   683 | D:2      | Reached XP level 4. HP: 24/40 MP: 3/3
   692 | D:2      | Reached ** piety under Trog
   705 | D:2      | Reached skill level 3 in Dodging
   958 | D:2      | Found a shattered altar of Ashenzari.
  1333 | D:2      | Reached skill level 5 in Axes
  1661 | D:2      | Reached XP level 5. HP: 39/47 MP: 4/4
  1961 | D:3      | HP: 4/47 [orc priest/divine providence (15)]
  1963 | D:3      | Killed from afar by an orc priest

Levels and vault maps discovered:
D:1:      erik_arrival_cave_to_civilisation [erik_arrival_cave_to_temple],
          layout_basic
D:2:      layout_basic, ashenzari_altar_1, uniq_terence
D:3:      layout_basic, minitemple, serial_glass, glass_columns_a,
          glass_columns_a, minmay_strange_pillars, minmay_strange_pillars,
          item_on_display_a, due_unseen_surprise, grunt_qazlal_clouds

Skill      XL: |  1  2  3  4 |
---------------+-------------+-----
Axes           | 4 5 |  5.4
Fighting       | 4 |  4.5
Armour         | 3 |  3.6
Dodging        | 3 |  3.3

Action                   |  1- 3 |  4- 6 || total
-------------------------+-------+-------++-------
Melee: Hand axe          |    45 |    75 ||   120
       Headbutt          |     7 |    14 ||    21
Invok: Berserk           |     1 |     2 ||     3
  Use: Potion            |       |     1 ||     1
  Eat: Chunk             |       |     6 ||     6
Armor: Animal skin       |     8 |     8 ||    16
Dodge: Dodged            |    31 |    71 ||   102

Levels and vault maps discovered:
D:1:      erik_arrival_cave_to_civilisation [erik_arrival_cave_to_temple],
          layout_basic
D:2:      layout_basic, ashenzari_altar_1, uniq_terence
D:3:      layout_basic, minitemple, serial_glass, glass_columns_a,
          glass_columns_a, minmay_strange_pillars, minmay_strange_pillars,
          item_on_display_a, due_unseen_surprise, grunt_qazlal_clouds

Table legend:
 A = Turns spent in this place as a percentage of turns spent in the entire game.
 B = Non-inter-level travel turns spent in this place as a percentage of non-inter-level travel turns spent in the entire game.
 C = Inter-level travel turns spent in this place as a percentage of turns spent in this place.
 D = Turns resting spent in this place as a percentage of non-inter-level travel turns spent in this place.
 E = Turns spent auto-exploring this place as a percentage of non-inter-level travel turns spent in this place.
 F = Non-inter-level travel turns spent in this place divided by the number of levels of this place that you've seen.
                   A       B       C       D       E      F
               +-------+-------+-------+-------+-------+----------------------
         Total | 100.0 | 100.0 |   1.3 |  38.1 |  41.2 | 646.0
       Dungeon | 100.0 | 100.0 |   1.3 |  38.1 |  41.2 | 646.0
               +-------+-------+-------+-------+-------+----------------------

Table legend:
 A = Kills in this place as a percentage of kills in entire the game.
 B = Kills by you in this place as a percentage of kills by you in the entire game.
 C = Kills by friends in this place as a percentage of kills by friends in the entire game.
 D = Other kills in this place as a percentage of other kills in the entire game.
 E = Experience gained in this place as a percentage of experience gained in the entire game.
 F = Experience gained in this place divided by the number of levels of this place that you have seen.
                   A       B       C       D       E      F
               +-------+-------+-------+-------+-------+----------------------
         Total | 100.0 | 100.0 |   N/A |   N/A | 100.0 |  85.3
       Dungeon | 100.0 | 100.0 |   N/A |   N/A | 100.0 |  85.3
               +-------+-------+-------+-------+-------+----------------------
